 Dungeon Crawl Stone Soup version 0.29-a0-490-g77b3608bb8 (webtiles) character file.

Game seed: 12489173280367620495

390 fingers the Ruffian (level 6, -3/52 HPs)
             Began as a Ghoul Monk on May 26, 2022.
             Slain by a gnoll
             ... wielding a +0 halberd
             ... led by a gnoll sergeant
              (7 damage)
             ... on level 4 of the Dungeon.
             The game lasted 00:13:55 (4058 turns).

fingers the Ruffian (Ghoul Monk)                    Turns: 4058, Time: 00:14:03

Health: -3/52      AC: 10    Str: 23    XL:     6   Next: 80%
Magic:  5/5        EV:  8    Int:  5    God:
Gold:   231        SH:  0    Dex: 11    Spells: 5/5 levels left

rFire   . . .      SeeInvis .     - Unarmed
rCold   + . .      Faith    .   u - +0 buckler
rNeg    + + +      Spirit   .   b - +0 chain mail
rPois   ∞          Reflect  .   o - +0 helmet
rElec   .          Harm     .   (no cloak)
rCorr   .          Rampage  .   (no gloves)
Will    .....                   (no boots)
Stlth   ..........              l - amulet of magic regeneration
HPRegen 0.00/turn               y - +6 ring of strength
MPRegen 0.49/turn               j - ring of flight

@: confused, ambrosia-drunk, flying, inhibited regen
A: claws 1, cold resistance 1, negative energy resistance 3, inhibited
regeneration, torment resistance 2, devour on kill
a: no special abilities


You were on level 4 of the Dungeon.
You visited 1 branch of the dungeon, and saw 5 of its levels.

You collected 231 gold pieces.

Inventory:

Hand Weapons
 e - a +4 spear
Armour
 b - a +0 chain mail (worn)
 o - a +0 helmet (worn)
 u - a +0 buckler (worn)
Jewellery
 f - a ring of see invisible
 g - a ring of protection from fire
 j - a ring of flight (right claw)
 l - an amulet of magic regeneration (around neck)
 y - a +6 ring of strength (left claw)
 z - a +6 ring of intelligence
Wands
 c - a wand of flame (14)
Scrolls
 d - a scroll of fear
 i - 2 scrolls of fog {unknown}
 n - a scroll of vulnerability {unknown}
 p - 2 scrolls of blinking {unknown}
 r - a scroll of acquirement {unknown}
 t - a scroll of magic mapping {unknown}
 v - 3 scrolls of identify
 w - 2 scrolls of enchant armour {unknown}
 x - a scroll of teleportation {unknown}
 B - a scroll of amnesia {unknown}
 D - a scroll of enchant weapon {unknown}
Potions
 a - 2 potions of heal wounds {unknown}
 h - a potion of brilliance {unknown}
 k - 4 potions of haste
 m - 3 potions of mutation
 q - a potion of resistance {unknown}
 s - 2 potions of attraction {unknown}
 A - a potion of flight {unknown}
 C - a potion of might {unknown}
 E - a potion of lignification {unknown}


   Skills:
 + Level 4.0 Fighting
 + Level 0.6 Polearms
 + Level 2.8 Armour
 + Level 3.2 Dodging
 + Level 2.4 Stealth
 + Level 1.0 Shields
 + Level 6.0 Unarmed Combat


You had 5 spell levels left.
You didn't know any spells.
Your spell library contained the following spells:

 Spells                   Type           Power      Damage    Failure   Level
 Magic Dart               Conj           0%         1d3       99%         1
 Call Imp                 Summ           0%         N/A       100%        2
 Mephitic Cloud           Conj/Pois/Air  0%         N/A       100%        3


Dungeon Overview and Level Annotations

Branches:
Dungeon (5/15)
 Temple: D:4-7

Altars:

Shops:
D:1 :   D:3 [


Innate Abilities, Weirdness & Mutations

You are immune to poison.
You have sharp fingernails.
Your flesh is cold resistant. (rC+)
You are immune to negative energy. (rN+++)
You do not regenerate when monsters are visible.
You are immune to unholy pain and torment.
You thrive by killing the living.


Message History

You kill the gnoll!
You feel better. The gnoll hits you but does no damage.
You block the gnoll sergeant's attack. The gnoll barely misses you.
The gnoll hits you but does no damage. You block the gnoll's attack.
Your Shields skill increases to level 1!
You block the gnoll's attack. The gnoll sergeant barely misses you.
The gnoll hits you with a +0 flail. The gnoll hits you but does no damage.
The gnoll barely misses you.
You see here a +0 spear.
You scratch the gnoll sergeant.
The gnoll sergeant is lightly wounded.
The gnoll barely misses you. The gnoll sergeant barely misses you.
The gnoll misses you. The gnoll hits you but does no damage.
The gnoll hits you with a +0 halberd.
You scratch the gnoll sergeant but do no damage.
The gnoll sergeant is lightly wounded.
The gnoll barely misses you. The gnoll sergeant barely misses you.
The gnoll barely misses you. The gnoll hits you with a +0 halberd.
The gnoll hits you but does no damage.
You closely miss the gnoll. The gnoll closely misses you.
You block the gnoll sergeant's attack. The gnoll misses you.
The gnoll completely misses you. The gnoll barely misses you.
You claw the gnoll!
You kill the gnoll!
The gnoll sergeant hits you with a +0 trident.
The gnoll barely misses you. The gnoll hits you but does no damage.
The gnoll barely misses you.
You barely miss the gnoll.
The gnoll sergeant hits you with a +0 trident!
* * * LOW HITPOINT WARNING * * *
The gnoll barely misses you. The gnoll hits you with a +0 spear.
* * * LOW HITPOINT WARNING * * *
You block the gnoll's attack.
You are confused.
You feel invigorated.
The gnoll sergeant hits you with a +0 trident.
* * * LOW HITPOINT WARNING * * *
The gnoll closely misses you. The gnoll barely misses you.
The gnoll hits you with a +0 halberd!
You die...

...#...#...#....# #........
.#...#...#......## #........
...#...#.........## #####........
.#...#............###............
...#........≈≈≈≈≈≈≈≈≈.#####......
.#..###.....≈##≈≈≈##≈.# ###....
#.### ##....≈#######≈.# #... ###
#....≈ #g).#≈≈.# #.. ###.
#g@.'...# ## #gg.#≈≈## ######≈# #
#≈# ## ≈≈# .# ### ##


You could see a gnoll sergeant and 3 gnolls.

Vanquished Creatures
  A necrophage (D:5)
  2 jellies
  Jessica (D:2)
  Terence (D:2)
  An orc wizard (D:5)
  An iguana (D:4)
  5 gnolls (D:4)
  2 adders
  4 worms
  4 dart slugs
  7 orcs
  5 ball pythons
  9 bats
  3 endoplasms
  2 giant cockroaches (D:1)
  6 goblins
  6 hobgoblins
  9 kobolds
  3 quokkas
  2 frilled lizards
  5 rats
79 creatures vanquished.

Notes
Turn   | Place    | Note
-------+----------+-------------------------------------------
     0 | D:1      | fingers the Ghoul Monk began the quest for the Orb.
     0 | D:1      | Reached XP level 1. HP: 19/19 MP: 0/0
   232 | D:1      | Found Qolocoti's Book Emporium.
   324 | D:1      | Reached XP level 2. HP: 26/26 MP: 1/1
   726 | D:1      | Reached XP level 3. HP: 32/33 MP: 2/2
  1449 | D:2      | Reached skill level 1 in Armour
  1493 | D:2      | Noticed Terence
  1527 | D:2      | Killed Terence
  1528 | D:2      | Reached XP level 4. HP: 13/40 MP: 3/3
  1813 | D:2      | Reached skill level 4 in Unarmed Combat
  1935 | D:2      | Noticed Jessica
  1942 | D:2      | Killed Jessica
  2312 | D:3      | Reached XP level 5. HP: 46/46 MP: 4/4
  2591 | D:3      | Found Awyagus's Antique Armour Shoppe.
  3095 | D:4      | You are sucked into a shaft and drop 1 floor!
  3095 | D:5      | Entered Level 5 of the Dungeon
  3118 | D:5      | Reached skill level 5 in Unarmed Combat
  3118 | D:5      | Reached XP level 6. HP: 38/52 MP: 5/5
  3952 | D:4      | Reached skill level 6 in Unarmed Combat
  4052 | D:4      | Reached skill level 1 in Shields
  4058 | D:4      | Slain by a gnoll

Illustrated notes

Levels and vault maps discovered:
D:1:      dpeg_arrival_circle_labyrinth_c, layout_basic, serial_shops, shop
D:2:      layout_basic, minmay_bisected, uniq_jessica, uniq_terence
D:3:      layout_rooms, serial_shops, shop, hangedman_decor_riveting
D:4:      layout_cave_pods, hex_large, lightli_minifort, uniq_grinder
D:5:      layout_basic, nicolae_overflow_crystal_walls

Skill      XL: |  1  2  3  4  5  6 |
---------------+-------------------+-----
Dodging        | 3 |  3.2
Armour         | 1 2 |  2.8
Unarmed Combat | 4 5 6 |  6.0
Fighting       | 4 |  4.0
Shields        | 1 |  1.0
Polearms       | |  0.6
Stealth        | |  2.4

Action                   |  1- 3 |  4- 6 || total
-------------------------+-------+-------++-------
Melee: Spear             |    23 |       ||    23
       Unarmed           |   100 |   197 ||   297
       Punch             |     5 |     1 ||     6
Evoke: Wand              |       |     1 ||     1
  Use: Scroll            |     2 |     1 ||     3
       Potion            |     1 |     1 ||     2
Armor: Ring mail         |    56 |       ||    56
       Chain mail        |       |   106 ||   106
Dodge: Dodged            |    78 |    98 ||   176
Block: Buckler           |       |    28 ||    28

Table legend: (Time is in decaauts)
 A = Elapsed time spent in this place.
 B = Non-inter-level travel time spent in this place.
 C = Inter-level travel time spent in this place.
 D = Time resting spent in this place.
 E = Time spent auto-exploring this place.
 F = Levels seen in this place.
 G = Mean time per level.
                   A        B        C        D        E       F      G
               +--------+--------+--------+--------+--------+-----+--------+
         Total |   4041 |   3893 |    148 |    872 |   1566 |   5 |  808.2 |
       Dungeon |   4041 |   3893 |    148 |    872 |   1566 |   5 |  808.2 |
               +--------+--------+--------+--------+--------+-----+--------+

Top non-repeatable levels by time:
     D:1: 1169 daAuts
     D:2: 974 daAuts
     D:4: 732 daAuts
     D:3: 624 daAuts
     D:5: 540 daAuts
